 Dungeon Crawl Stone Soup version 0.25.0 (webtiles) character file.

Game seed: 16543276468083598812

41 emikaela the Vandal (level 3, -1/28 HPs)
             Began as a Barachi Arcane Marksman on June 13, 2020.
             Slain by a jackal (3 damage)
             ... on level 1 of the Dungeon.
             The game lasted 00:07:25 (1316 turns).

emikaela the Vandal (Barachi Arcane Marksman)       Turns: 1316, Time: 00:07:25

Health: -1/28      AC:  3    Str: 12    XL:     3   Next: 52%
Magic:  4/4        EV: 12    Int: 13    God:
Gold:   44         SH:  0    Dex: 12    Spells: 1/4 levels left

rFire    + . .     SeeInvis .   a - +0 hunting sling
rCold    + . .     Gourm    .   (no shield)
rNeg     . . .     Faith    .   l - +0 robe
rPois    +         Spirit   .   (no helmet)
rElec    +         Reflect  .   (no cloak)
rCorr    +         Harm     .   (no gloves)
MR       .....                  k - +0 pair of boots
Stlth    +.........             (no amulet)
HPRegen  0.09/turn              (no ring)
MPRegen  0.09/turn              (no ring)

@: resistant, can't hop, stab, slow
A: +LOS, swims, slowness 1, strong legs 1
a: Hop


You were on level 1 of the Dungeon.
You were not hungry.

You visited 1 branch of the dungeon, and saw 2 of its levels.

You collected 44 gold pieces.

Inventory:

Hand Weapons
 a - a +0 hunting sling (weapon)
 b - a +0 dagger
Missiles
 c - 5 curare-tipped darts {!f}
 s - 40 stones (quivered)
 S - 17 sling bullets
Armour
 k - a +0 pair of boots (worn)
 l - a +0 robe (worn)
Scrolls
 d - a scroll of remove curse {unknown}
 i - a scroll of enchant weapon {unknown}
 n - a scroll of teleportation {unknown}
Potions
 f - a potion of invisibility {unknown}
 h - a potion of haste {unknown}
 j - a potion of mutation {unknown}
Comestibles
 e - a chunk of flesh
 r - a ration


   Skills:
 + Level 2.4 Fighting
 * Level 3.3 Slings
 - Level 2.1 Dodging
 - Level 1.1 Spellcasting
 + Level 3.3 Hexes


You had one spell level left.
You knew the following spells:

 Your Spells              Type           Power        Failure   Level  Hunger
a - Corona                Hex            #......      7%          1    ##.....
s - Slow                  Hex            #.......     11%         2    ###....

Your spell library contained the following spells:

 Spells                   Type           Power        Failure   Level  Hunger
 Inner Flame              Hex/Fire       #.......     38%         3    ####...
 Portal Projectile        Hex/Tloc       #.....       38%         3    ####...
 Cause Fear               Hex            #.........   56%         4    #####..
 Leda's Liquefaction      Hex/Erth       #.........   80%         4    #####..


Dungeon Overview and Level Annotations

Branches:
Dungeon (2/15)

Altars:

Annotations:
D:2 Sigmund


Innate Abilities, Weirdness & Mutations

You can be seen from farther away. (+LOS)
You can swim through water.
You cover ground slowly.
You can hop short distances.


Message History

The jackal bites you but does no damage.
Sigmund hits you from afar with a +0 scythe.
* * * LOW HITPOINT WARNING * * *
The jackal bites you.
* * * LOW HITPOINT WARNING * * *
You climb upwards.
There is a stone staircase leading down here.
Casting: Corona (safe; 7% risk of failure)
Confirm with . or Enter, or press ? or * to list all spells.
Okay, then.
Okay, then.
It was a potion of stabbing.
You feel ready to backstab. The jackal barely misses you.
It was a potion of resistance.
You feel protected. The jackal bites you.
* * * LOW HITPOINT WARNING * * *
The jackal bites you.
You die...

....# #..........##..## ##..
###.# ##.###########.# #... ###.#
#......# #.# #... ..).# #..###.#
##'## #... .##.# #..# #.# ##...##
##.# ....# #..###.# ##.....## #.#
....# #..#.#.# ##.......## #..
.##.#####......###.........####..
...............h@+.........+.....
###.#####......###.........####..
....# ##..#..## ##.......## #..
##### #.#.###.# ##.....## ###.#
#.#..##.# ##...## #....
#.##.##.#######'######.#)#
##.#.......#.........#.#..
##...####.#.##.####.#.##.
##.#####.#.##.## #.#.##.


You could see a jackal.

Vanquished Creatures
  A gnoll (D:1)
  A leopard gecko (D:1)
  2 ball pythons (D:1)
  A giant cockroach (D:1)
  A goblin (D:1)
  7 hobgoblins
  3 jackals (D:2)
  A bat (D:1)
  3 frilled lizards
  5 kobolds (D:1)
  3 rats (D:1)
28 creatures vanquished.

Notes
Turn   | Place    | Note
-------+----------+-------------------------------------------
     0 | D:1      | emikaela the Barachi Arcane Marksman began the quest for
                  | the Orb.
     0 | D:1      | Reached XP level 1. HP: 15/15 MP: 2/2
    64 | D:1      | Reached XP level 2. HP: 21/22 MP: 3/3
   888 | D:1      | Reached XP level 3. HP: 15/27 MP: 2/4
  1195 | D:2      | Learned a level 2 spell: Slow
  1265 | D:2      | Noticed Sigmund
  1316 | D:1      | Slain by a jackal

Illustrated notes

Levels and vault maps discovered:
D:1:      scummos_arrival_simple_crosswalls, layout_loops_corners,
          corexii_leaking_fountain, chequers_serial_rivers_small_b,
          minmay_tetromino_l2
D:2:      layout_loops_corners, grunt_temple_overflow_open, uniq_sigmund

Skill      XL: |  1  2 |
---------------+-------+-----
Fighting       | 2 |  2.4
Slings         | 3 |  3.3
Dodging        | |  2.1
Spellcasting   | |  1.1
Hexes          | |  3.3

Action                   || total
-------------------------++-------
Melee: Dagger            ||    32
 Fire: Hunting sling     ||    69
 Cast: Corona            ||    12
 Abil: Hop               ||     1
  Use: Potion            ||     2
 Stab: Sleeping          ||     1
  Eat: Chunk             ||     2
Armor: Robe              ||    20
Dodge: Dodged            ||    51
